 Dungeon Crawl Stone Soup version 0.31-a0-1-g4198be8af4 (webtiles) character file.

Game seed: 14875447373047028650

2405 Essalna the Destroyer (level 9, -16/57 HPs)
             Began as a Tengu Fire Elementalist on May 3, 2023.
             Was an Initiate of Vehumet.
             Demolished by a komodo dragon (27 damage)
             ... on level 7 of the Dungeon.
             The game lasted 00:12:43 (6522 turns).

Essalna the Destroyer (Tengu Fire Elementalist)     Turns: 6522, Time: 00:12:43

Health: -16/57     AC:  7    Str: 14    XL:     9   Next: 47%
Magic:  0/13       EV: 14    Int: 19    God:    Vehumet [......]
Gold:   372        SH:  0    Dex: 16    Spells: 5/12 levels left

rFire   . . .        p - +1 whip (elec)
rCold   . . .        (no shield)
rNeg    . . .        d - +3 leather armour
rPois   +            (helmet restricted)
rElec   .            w - +0 cloak {rCorr}
rCorr   +            (no gloves)
SInv    .            (boots unavailable)
Will    .....        (no amulet)
Stlth   ++           g - +6 ring of strength
HPRegen 0.29/turn    B - ring of poison resistance
MPRegen 0.13/turn

%: no passive effects
@: flying quickly and evasively, quick
A: beak, talons 3, nimble flight
a: Renounce Religion


You were on level 7 of the Dungeon.
You worshipped Vehumet.
Vehumet was noncommittal.
You visited 2 branches of the dungeon, and saw 8 of its levels.
You also visited: Sewer.

You collected 372 gold pieces.

Inventory:

Hand Weapons
 h - a +3 dagger
 j - a +1 dagger of pain
 p - a +1 whip of electrocution (weapon)
 C - a +0 dagger of venom
Armour
 a - a +0 robe
 d - a +3 leather armour (worn)
 k - a +0 cloak
 w - a +0 cloak of preservation (worn)
Jewellery
 g - a +6 ring of strength (left hand)
 t - an amulet of faith
 B - a ring of poison resistance (right hand)
Wands
 u - a wand of roots (2)
 D - a wand of flame (8)
Scrolls
 c - 4 scrolls of blinking
 i - 6 scrolls of teleportation
 m - 2 scrolls of vulnerability {unknown}
 r - 3 scrolls of identify
 x - a scroll of torment {unknown}
 y - a scroll of brand weapon {unknown}
 z - a scroll of magic mapping {unknown}
Potions
 b - a potion of magic
 e - 4 potions of flight
 f - 4 potions of berserk rage {unknown}
 l - 2 potions of degeneration {unknown}
 n - 2 potions of heal wounds
 o - 2 potions of haste {unknown}
 q - a potion of curing
 s - a potion of invisibility {unknown}
 v - a potion of brilliance {unknown}
 A - 2 potions of lignification {unknown}
 E - a potion of resistance {unknown}


   Skills:
 + Level 7.0 Fighting
 - Level 2.1 Dodging
 - Level 2.0 Stealth
 - Level 2.0 Spellcasting
 + Level 9.4 Conjurations
 + Level 8.6 Fire Magic


You had 5 spell levels left.
You knew the following spells:

 Your Spells              Type           Power      Damage    Failure   Level
a - Foxfire               Conj/Fire      100%       2x1d9     1%          1
b - Scorch                Fire           68%        2d8       1%          2
c - Flame Wave            Conj/Fire      36%        2d10      5%          4

Your spell library contained the following spells:

 Spells                   Type           Power      Damage    Failure   Level
 Hailstorm                Conj/Ice       19%        3d6       10%         3
 Inner Flame              Hex/Fire       18%        N/A       11%         3
 Volatile Blastmotes      Fire/Tloc      36%        2d13      11%         3
 Fulminant Prism          Conj/Hex       9%         3d6       30%         4
 Iskenderun's Mystic Bla  Conj/Tloc      19%        2d6       30%         4
 Frozen Ramparts          Ice            2%         1d1       54%         3
 Ice Form                 Ice/Tmut       1%         N/A       91%         4
 Summon Ice Beast         Ice/Summ       1%         N/A       91%         4
 Lee's Rapid Deconstruct  Erth           0%         3d4*      99%         5
 Simulacrum               Ice/Necr       0%         N/A       100%        6
 Malign Gateway           Summ/Tloc      0%         N/A       100%        7
 Summon Horrible Things   Summ           0%         N/A       100%        8


Dungeon Overview and Level Annotations

Branches:
Dungeon (7/15)             Temple (1/1) D:6           Sewer (visited)

Altars:
Elyvilon
Makhleb
Ru
Vehumet
Wu Jian
Yredelemnul
Zin

Shops:
D:3 (


Innate Abilities, Weirdness & Mutations

You have a beak for a mouth.
You have claws for feet.
Your magical nature lets you fly swiftly and evasively.


Message History

The komodo dragon is heavily wounded.
The foxfire hits the frilled lizard!
You kill the frilled lizard!
Vehumet accepts your kill.
Your foxfire dissipates!
The foxfire hits the komodo dragon.
The komodo dragon is heavily wounded.
Casting: Foxfire (safe; 1% risk of failure)
Confirm with . or Enter, or press ? or * to list all spells.
You conjure some foxfire!
The komodo dragon bites you!!
You hit the komodo dragon but do no damage.
You claw the komodo dragon, but do no damage.
You peck the komodo dragon, but do no damage.
The komodo dragon is heavily wounded.
The foxfire hits the komodo dragon but does no damage.
The komodo dragon is heavily wounded.
The foxfire hits the komodo dragon but does no damage.
The komodo dragon is heavily wounded.
The komodo dragon bites you!
* * * LOW HITPOINT WARNING * * *
Aiming: Fastroot
Press: ? - help, Shift-Dir - straight line, f - komodo dragon
Aim: a komodo dragon (heavily wounded)
The roots erupt in riotous growth!
Roots grab the komodo dragon.
The grasping roots constrict the komodo dragon.
You hear a shout! x2
The komodo dragon bites you.
* * * LOW HITPOINT WARNING * * *
The grasping roots constrict the komodo dragon!
The komodo dragon escapes!
Aiming: Fastroot
Press: ? - help, Shift-Dir - straight line, f/p - komodo dragon
Aim: a komodo dragon (almost dead)
The roots erupt in riotous growth!
Roots grab the komodo dragon.
Roots grab the iguana.
The grasping roots constrict the iguana.
The grasping roots constrict the komodo dragon.
The komodo dragon bites you!!
You die...

##.##.....~#≈~(≈≈#~
#.....#.#.#≈≈#≈~≈≈≈
###.#####.##.#.....~≈≈≈≈≈~
..................#~~≈#~~÷
....#####.##.#......~~~~≈≈
......................≈~#≈
.#.#####........##..##~~.
###...................
#...l@...............#
#.#l########.## .... ..
#†. #. ##.. .. P.. .. #.P.
. P... #####


You could see a komodo dragon (rooted) and an iguana (rooted).

Vanquished Creatures
  Pikel (D:4)
  Maggie (D:6)
  A wyvern (D:6)
  Menkaure (D:6)
  An ice beast (D:6)
  A black bear (D:6)
  A phantom (D:4)
  A kobold brigand (Sewer)
  Blork the orc (D:6)
  A scorpion (D:4)
  2 electric eels (D:7)
  A howler monkey (D:6)
  2 hounds
  3 jellies
  2 orc priests
  Crazy Yiuf (D:4)
  6 iguanas
  6 orc wizards
  9 adders
  A river rat (Sewer)
  2 ufetubi
  2 worms
  10 dart slugs
  20 orcs
  8 bats
  5 endoplasms
  5 giant cockroaches
  5 goblins
  7 hobgoblins
  3 jackals (Sewer)
  10 kobolds
  5 quokkas
  7 ball pythons
  7 frilled lizards
  7 rats
146 creatures vanquished.

Vanquished Creatures (others)
  523 foxfires
  3 plants (D:7)
526 creatures vanquished.

Grand Total: 672 creatures vanquished

Notes
Turn   | Place    | Note
-------+----------+-------------------------------------------
     0 | D:1      | Essalna the Tengu Fire Elementalist began the quest for the
                  | Orb.
     0 | D:1      | Reached XP level 1. HP: 10/10 MP: 4/4
   211 | D:1      | Found a faded altar of an unknown god.
   281 | D:1      | Reached XP level 2. HP: 11/16 MP: 3/6
   328 | D:1      | Reached skill level 2 in Conjurations
   493 | D:1      | Reached skill level 1 in Fighting
   877 | D:2      | Reached XP level 3. HP: 20/20 MP: 3/7
  1166 | D:2      | Reached skill level 3 in Conjurations
  1254 | D:2      | Reached XP level 4. HP: 24/26 MP: 8/8
  1982 | D:3      | Found a burning altar of Makhleb.
  2050 | D:3      | Gained mutation: Your magical nature lets you fly swiftly
                  | and evasively. [Tengu growth]
  2050 | D:3      | Reached XP level 5. HP: 30/30 MP: 6/9
  2276 | D:3      | You are sucked into a shaft and drop 2 floors!
  2276 | D:5      | Entered Level 5 of the Dungeon
  2286 | D:5      | Reached skill level 4 in Conjurations
  2435 | D:5      | Reached skill level 5 in Fire Magic
  2435 | D:5      | Reached XP level 6. HP: 37/37 MP: 4/10
  2563 | D:5      | Found a glowing drain.
  2568 | Sewer    | Entered a sewer
  2582 | Sewer    | Learned a level 2 spell: Scorch
  2587 | Sewer    | Learned a level 4 spell: Flame Wave
  2653 | Sewer    | Reached skill level 5 in Conjurations
  2781 | Sewer    | Found a white marble altar of Elyvilon.
  2998 | D:5      | Reached XP level 7. HP: 42/42 MP: 3/11
  3434 | D:4      | Found a white marble altar of Elyvilon.
  3566 | D:4      | Found a runed translucent door.
  3567 | D:4      | Noticed Crazy Yiuf
  3640 | D:4      | Killed Crazy Yiuf
  4111 | D:4      | Noticed Pikel
  4132 | D:4      | Killed Pikel
  4133 | D:4      | Reached skill level 5 in Fighting
  4133 | D:4      | Reached skill level 7 in Conjurations
  4133 | D:4      | Reached XP level 8. HP: 21/49 MP: 12/12
  4793 | D:3      | Found Aculeyl's Weapon Emporium.
  5051 | D:6      | Noticed Maggie
  5075 | D:6      | Killed Maggie
  5076 | D:6      | Reached skill level 8 in Conjurations
  5287 | D:6      | Reached XP level 9. HP: 55/55 MP: 1/13
  5301 | D:6      | Noticed Blork the orc
  5319 | D:6      | Killed Blork the orc
  5609 | D:6      | Noticed Menkaure
  5615 | D:6      | Killed Menkaure
  5616 | D:6      | Reached skill level 9 in Conjurations
  6140 | D:6      | Found a staircase to the Ecumenical Temple.
  6147 | Temple   | Entered the Ecumenical Temple
  6157 | Temple   | Became a worshipper of Vehumet
  6510 | D:7      | Noticed a komodo dragon
  6522 | D:7      | Demolished by a komodo dragon

Illustrated notes

Levels and vault maps discovered:
D:1:      dpeg_arrival_three_same_balls, layout_basic,
          dilly_ecumenical_altar_fadedgnrine
D:2:      layout_rooms, grunt_ministairs_14, chequers_serial_rivers_room_a,
          minmay_fractal_squares_5
D:3:      layout_rooms, lightli_temple_of_fire, serial_shops,
          nicolae_shop_tiny_glass, minmay_surrounded
D:4:      layout_basic, elyvilon_altar_5, uniq_crazy_yiuf_cottage, uniq_pikel
D:5:      layout_rooms, gup_sewer_entry_bowl, hangedman_glass_teeth
D:6:      layout_rooms, minmay_temple_entry_enclosed_plants,
          grunt_decor_arrowhead, uniq_maggie, uniq_blork_the_orc, uniq_menkaure
D:7:      kennysheep_slugbush, layout_basic, minmay_lizard_king, uniq_duvessa
Temple:   eino_wide_crystal_templ

Skill      XL: |  1  2  3  4  5  6  7  8  9 |
---------------+----------------------------+-----
Conjurations   | 2 3 4 5 7 8 9 |  9.4
Fighting       | 1 2 3 5 6 7 |  7.0
Fire Magic     | 4 5 6 7 8 |  8.6
Dodging        | |  2.1
Stealth        | |  2.0
Spellcasting   | |  2.0

Action                     |  1- 3 |  4- 6 |  7- 9 || total
---------------------------+-------+-------+-------++-------
  Melee: Unarmed           |    25 |       |       ||    25
         Kick              |     8 |    13 |    19 ||    40
         Peck              |     4 |     7 |    18 ||    29
         Dagger            |     6 |    54 |       ||    60
         Whip              |       |       |    67 ||    67
   Cast: Foxfire           |    48 |   105 |   155 ||   308
         Scorch            |       |       |     3 ||     3
  Evoke: Wand              |       |       |     2 ||     2
    Use: Scroll            |       |     5 |       ||     5
         Potion            |       |       |     1 ||     1
   Stab: Sleeping          |     4 |     1 |     3 ||     8
         Distracted        |       |     1 |       ||     1
 Armour: Robe              |     6 |     3 |       ||     9
         Leather armour    |       |     3 |    15 ||    18
  Dodge: Dodged            |    25 |    41 |    58 ||   124

Table legend: (Time is in decaauts)
 A = Elapsed time spent in this place.
 B = Non-inter-level travel time spent in this place.
 C = Inter-level travel time spent in this place.
 D = Time resting spent in this place.
 E = Time spent auto-exploring this place.
 F = Levels seen in this place.
 G = Mean time per level.
                   A        B        C        D        E       F      G
               +--------+--------+--------+--------+--------+-----+--------+
         Total |   6281 |   5836 |    445 |      0 |   4815 |   9 |  697.9 |
       Dungeon |   6022 |   5582 |    440 |      0 |   4641 |   7 |  860.3 |
        Temple |     16 |     11 |      5 |      0 |      3 |   1 |   16.0 |
         Sewer |    243 |    243 |      0 |      0 |    171 |   1 |  243.0 |
               +--------+--------+--------+--------+--------+-----+--------+

Top non-repeatable levels by time:
     D:4: 1204 daAuts
     D:6: 1152 daAuts
     D:3: 877 daAuts
     D:1: 864 daAuts
     D:5: 830 daAuts
     D:2: 822 daAuts
     D:7: 270 daAuts
   Sewer: 243 daAuts
  Temple: 16 daAuts
